 Dungeon Crawl Stone Soup version 0.28.0-43-g3370ac3207 (webtiles) character file.

Game seed: 2658612343939003686

39 adizb the Grasshopper (level 3, 0/18 HPs)
             Began as a Spriggan Warper on Mar 13, 2022.
             Slain by a hobgoblin (5 damage)
             ... on level 1 of the Dungeon.
             The game lasted 00:06:31 (1052 turns).

adizb the Grasshopper (Spriggan Warper)             Turns: 1052, Time: 00:06:31

Health: 0/18       AC:  2    Str:  7    XL:     3   Next: 26%
Magic:  8/8        EV: 18    Int: 14    God:
Gold:   43         SH:  0    Dex: 16    Spells: 6/8 levels left

rFire   . . .      SeeInvis +   a - +0 short sword
rCold   . . .      Faith    .   (no shield)
rNeg    . . .      Spirit   .   b - +0 robe
rPois   .          Reflect  .   (helmet restricted)
rElec   .          Harm     .   (no cloak)
rCorr   .          Rampage  .   (gloves unavailable)
Will    .....                   (boots unavailable)
Stlth   ++........              (no amulet)
HPRegen 0.06/turn               (no ring)
MPRegen 0.11/turn               (no ring)

@: very quick
A: very small, no large weapons, unfitting armour, see invisible, speed 3
a: no special abilities


You were on level 1 of the Dungeon.
You visited 1 branch of the dungeon, and saw 1 of its levels.

You collected 43 gold pieces.

Inventory:

Hand Weapons
 a - a +0 short sword (weapon)
Missiles
 d - 5 boomerangs of dispersal
 f - 36 stones (quivered)
Armour
 b - a +0 robe (worn)
Magical Staves
 e - a staff of air
Scrolls
 c - a scroll of blinking
 i - a scroll of silence {unknown}
Potions
 g - 2 potions of might {unknown}
 h - a potion of resistance {unknown}


   Skills:
 + Level 1.8 Fighting
 + Level 2.5 Short Blades
 + Level 1.5 Throwing
 + Level 3.6 Dodging
 + Level 1.6 Stealth
 + Level 3.1 Spellcasting
 - Level 4.4 Translocations


You had 6 spell levels left.
You knew the following spells:

 Your Spells              Type           Power      Damage    Failure   Level
a - Blink                 Tloc           28%        N/A       4%          2

Your spell library contained the following spells:

 Spells                   Type           Power      Damage    Failure   Level
 Gell's Gravitas          Tloc           14%        N/A       10%         3
 Lesser Beckoning         Tloc           14%        N/A       10%         3
 Teleport Other           Tloc           14%        N/A       10%         3
 Manifold Assault         Tloc           14%        N/A       67%         5


Dungeon Overview and Level Annotations

Branches:
Dungeon (1/15)

Altars:


Innate Abilities, Weirdness & Mutations

You are very small and have problems with some larger weapons.
You are too small for most types of armour.
You have supernaturally acute eyesight. (SInv)
You cover ground extremely quickly. (Speed+++)


Message History

You throw a stone. The stone barely misses the hobgoblin.
Throw: 41 stones
Press: ? - help, Q - select action, (/) - cycle Shift-Dir - straight line, f/p - hobgoblin
Aim: a hobgoblin (heavily wounded, 59% to hit)
You throw a stone. The stone closely misses the hobgoblin.
Throw: 40 stones
Press: ? - help, Q - select action, (/) - cycle Shift-Dir - straight line, f/p - hobgoblin
Aim: a hobgoblin (heavily wounded, 59% to hit)
You throw a stone.
The stone hits the hobgoblin but does no damage.
The hobgoblin is heavily wounded.
Throw: 39 stones
Press: ? - help, Q - select action, (/) - cycle Shift-Dir - straight line, f/p - hobgoblin
Aim: a hobgoblin (moderately wounded, 59% to hit)
You throw a stone. The stone closely misses the hobgoblin.
The stone barely misses the kobold.
Throw: 38 stones
Press: ? - help, Q - select action, (/) - cycle Shift-Dir - straight line, f/p - hobgoblin
Aim: a hobgoblin (moderately wounded, 59% to hit)
You throw a stone. The stone closely misses the hobgoblin.
The stone hits the kobold.
The kobold is moderately wounded.
Throw: 37 stones
Press: ? - help, Q - select action, (/) - cycle Shift-Dir - straight line, f/p - hobgoblin
Aim: a hobgoblin (moderately wounded, 59% to hit)
You throw a stone.
The stone hits the hobgoblin but does no damage.
The hobgoblin is moderately wounded.
The hobgoblin misses you.
You hit the hobgoblin but do no damage.
The hobgoblin is moderately wounded.
The hobgoblin hits you.
* * * LOW HITPOINT WARNING * * *
You hit the hobgoblin but do no damage. Your punch misses the hobgoblin.
The hobgoblin is moderately wounded.
The hobgoblin hits you but does no damage.
You hit the hobgoblin.
The hobgoblin is heavily wounded.
The hobgoblin hits you.
You die...

#.#####.# #...#
#.....####. #.......#
##..####........##
#########
#..#.............
##...............
#.####..##..#..# ### #.##
#..##..#..# #.# #..#
#..##......
#.#########.###......#.##
#(..(.Kg@...........†....
#.##########.##.#.#..#.##
#(# #..#.......... #(#
#..#.#.##...#. #(#
#....#.##.....
#(##########.#..#.##...#.
#..............>#.##...##
###...#.####.####.##..###
#.g.#.# #[# #.....###


You could see a hobgoblin and a kobold.

Vanquished Creatures
  4 dart slugs (D:1)
  4 ball pythons (D:1)
  6 endoplasms (D:1)
  A giant cockroach (D:1)
  2 goblins (D:1)
  A hobgoblin (D:1)
  A kobold (D:1)
  2 quokkas (D:1)
  2 bats (D:1)
  5 rats (D:1)
28 creatures vanquished.

Notes
Turn   | Place    | Note
-------+----------+-------------------------------------------
     0 | D:1      | adizb the Spriggan Warper began the quest for the Orb.
     0 | D:1      | Reached XP level 1. HP: 10/10 MP: 5/5
   134 | D:1      | Reached XP level 2. HP: 10/15 MP: 6/6
   158 | D:1      | Learned a level 2 spell: Blink
   171 | D:1      | Reached skill level 1 in Stealth
   639 | D:1      | Reached XP level 3. HP: 3/18 MP: 8/8
  1052 | D:1      | Slain by a hobgoblin

Illustrated notes

Levels and vault maps discovered:
D:1:      dpeg_arrival_stone_temple_mockup, layout_basic

Skill      XL: |  1  2 |
---------------+-------+-----
Stealth        | 1 |  1.6
Spellcasting   | 3 |  3.1
Fighting       | |  1.8
Short Blades   | |  2.5
Throwing       | |  1.5
Dodging        | |  3.6
Translocations | |  4.4

Action                   || total
-------------------------++-------
Melee: Short sword       ||    98
       Punch             ||     2
Throw: Stone             ||    47
 Cast: Blink             ||     1
 Stab: Sleeping          ||     5
Armor: Robe              ||    11
Dodge: Dodged            ||    68
